 Dungeon Crawl Stone Soup version 0.18.1-5-g4a78601 (webtiles) character file.

230 protoss039 the Skirmisher (level 5, 0/37 HPs)
             Began as a High Elf Fighter on May 13, 2016.
             Slain by Draxdyn's ghost (4 damage)
             ... on level 3 of the Dungeon.
             The game lasted 00:12:59 (2739 turns).

protoss039 the Skirmisher (High Elf Fighter)        Turns: 2739, Time: 00:13:00

Health: 0/37       AC:  7    Str: 15 (16) XL:     5   Next: 72%
Magic:  6/6        EV: 11    Int:  9 (11) God:
Gold:   179        SH:  5    Dex: 14 (15) Spells: 0 memorised, 4 levels left

rFire  . . .     SeeInvis .     a - +1 flail
rCold  . . .     Gourm    .     m - +1 ring mail
rNeg   . . .     Faith    .     p - +0 buckler
rPois  .         Spirit   .     (no helmet)
rElec  .         Dismiss  .     (no cloak)
rCorr  .         Reflect  .     (no gloves)
SustAt .         Harm     .     e - +0 pair of boots
MR     .....                    s - amulet of rage
Stlth  +.........               (no ring)
                                q - ring of flight

@: exhausted, slowed, very slow, not resistant to hostile enchantments, very
unstealthy
A: no striking features
a: Evoke Berserk Rage, Evoke Flight


You were on level 3 of the Dungeon.
You were hungry.

You visited 1 branch of the dungeon, and saw 3 of its levels.

You collected 179 gold pieces.

Inventory:

Hand Weapons
 a - a +1 flail (weapon)
Armour
 c - a +0 shield
 e - a +0 pair of boots (worn)
 m - a +1 ring mail (worn)
 p - a +0 buckler (worn)
Jewellery
 q - a ring of flight (left hand)
 s - an amulet of rage (around neck)
Scrolls
 b - a scroll of blinking
 h - a scroll of teleportation {unknown}
 i - 2 scrolls of recharging
 k - 2 scrolls of identify
Potions
 j - a potion of degeneration
Comestibles
 f - 2 bread rations
 l - a slice of pizza
 n - a beef jerky
 o - 2 meat rations
 u - 3 fruits


   Skills:
 + Level 3.8 Fighting
 + Level 2.7 Maces & Flails
 + Level 3.6 Armour
 + Level 2.4 Dodging
 + Level 0.2 Stealth
 + Level 3.3 Shields


You had 4 spell levels left.
You didn't know any spells.

Dungeon Overview and Level Annotations

Branches:
Dungeon (3/15)

Altars:
Kikubaaqudgha
Zin

Annotations:
D:3 Draxdyn's ghost, novice GrWr


Message History

Found a meat ration.
You feel a strong urge to attack something.
You sock Draxdyn's ghost!
Draxdyn's ghost is moderately damaged.
Draxdyn's ghost hits you!
* * * LOW HITPOINT WARNING * * *
You sock Draxdyn's ghost!
Draxdyn's ghost is heavily damaged.
Draxdyn's ghost gestures wildly while chanting.
Draxdyn's ghost blinks!
You are too berserk!
You are no longer berserk.
You are exhausted.
You feel yourself slow down.
You are feeling hungry.
Draxdyn's ghost shrieks, "I have seen your future, and it is all used up."
You hit Draxdyn's ghost.
Draxdyn's ghost is heavily damaged.
Draxdyn's ghost hits you.
You die...

#. #....... ##.#.
#....... .%....
##....... ...>..
......... .....####
##.......
#.#....########.......
#[....................
#....# ##.......
#..@.#### #.......
#..W))))# #.......
#....##.# #.......
#....##.#####.......
#....#.....(........
#....#......########
#....#......#
######......# #......#


You could see Draxdyn's ghost.

Vanquished Creatures
  An orc priest (D:3)
  2 orc wizards (D:3)
  Ijyb (D:2)
  Robin (D:2)
  3 adders (D:2)
  2 oozes (D:3)
  2 dart slugs (D:1)
  A giant gecko (D:3)
  5 orcs
  4 giant cockroaches
  13 goblins (D:2)
  7 hobgoblins
  7 kobolds
  2 quokkas
  6 bats
  A giant newt (D:2)
  9 rats
67 creatures vanquished.

Notes
Turn   | Place    | Note
--------------------------------------------------------------
     0 | D:1      | protoss039 the High Elf Fighter began the quest for the Orb.
     0 | D:1      | Reached XP level 1. HP: 16/16 MP: 2/2
   367 | D:1      | Reached XP level 2. HP: 21/21 MP: 3/3
   783 | D:2      | Found a glowing silver altar of Zin.
   824 | D:2      | Found an ancient bone altar of Kikubaaqudgha.
  1080 | D:2      | Reached XP level 3. HP: 14/26 MP: 4/4
  1320 | D:2      | Noticed Ijyb
  1334 | D:2      | Killed Ijyb
  1757 | D:2      | Reached XP level 4. HP: 28/31 MP: 5/5
  1876 | D:2      | Noticed Robin
  1890 | D:2      | Reached skill level 1 in Dodging
  1893 | D:2      | Killed Robin
  2234 | D:2      | You fall through a shaft!
  2562 | D:3      | Reached XP level 5. HP: 36/36 MP: 6/6
  2663 | D:3      | Noticed Draxdyn's ghost (novice GrWr)
  2739 | D:3      | Slain by Draxdyn's ghost

Skill      XL: |  1  2  3  4  5 |
---------------+----------------+-----
Shields        | 3 |  3.3
Armour         | 3 |  3.6
Maces & Flails | 2 |  2.7
Dodging        | 1 2 |  2.4
Fighting       | |  3.8
Stealth        | |  0.2

Action                   |  1- 3 |  4- 6 || total
-------------------------+-------+-------++-------
Melee: Flail             |    99 |   122 ||   221
 Abil: Evoke Berserk Rag |       |     1 ||     1
  Use: Scroll            |     5 |     4 ||     9
       Potion            |       |     6 ||     6
  Eat: Chunk             |     3 |     3 ||     6
Armor: Scale mail        |    14 |       ||    14
       Ring mail         |    18 |    40 ||    58
       Skin              |       |    69 ||    69
Dodge: Dodged            |    30 |    90 ||   120
Block: Shield            |    37 |       ||    37
       Buckler           |    12 |    46 ||    58
